Description

This build order in really easy to execute. He is designed safe and macro oriented. There is many scout timing and you can adapt to your opponent all game long.

The goal is to do a Stargate opening into drop Archon into Zealot/Immortal/Archon.

This build can be done in all league. It's design to be really strong in defense and works against every kind of Zerg build order (cheese, all-in macro).

Few tips :

  • Always scout after the first pylon: It's really important to know if there is a 12 pool, hatch pool or 14/14 for example
  • Use your first probe to scout your opponent
  • Try to do some damage with your first oracle then send him back to your third to defend it
  • With the first phoenix, kill scouting overlords
  • Use your archon to do damage in the main base if you can. If you can't: Just kill overlords
  • Add your second robo after your third base
  • Start storm as soon as you see the hydralisk den then make 4 High templars
  • Use your oracle for stasis in mid game and for revelation in late game
  • Play simply chargelot / Immortal / archon!

VOD

https://youtu.be/PiMj8lVg2eQ

Replay - Orako v zuka - King's Cove LE

Build Order

Get SALT Encoding   

  12  0:01  Probe  
  13  0:13  Probe  
  14  0:19  Pylon  
  14  0:21  Probe  
  15  0:33  Probe  
  15  0:40  Gateway  
  16  0:44  Probe  
  16  0:49  Assimilator  
  17  0:54  Probe  
  18  1:02  Probe  
  18  1:11  Probe  
  20  1:18  Pylon  
  20  1:33  Nexus  
  20  1:40  Cybernetics Core  
  20  1:42  Probe  
  21  1:48  Assimilator  
  21  1:54  Probe  
  21  1:58  Pylon  
  22  2:06  Adept  
  26  2:24  Stargate  
  26  2:36  Adept  
  29  2:37  Warp Gate  
  31  2:57  Gateway  
  31  2:58  Oracle  
  38  3:25  Pylon  
  40  3:28  Assimilator x2  
  42  3:38  Phoenix  
  45  3:50  Twilight Council  
  46  3:59  Robotics Facility  
  49  4:16  Pylon  
  50  4:22  Gateway  
  51  4:27  Gateway  
  52  4:36  Warp Prism  
  55  4:46  Templar Archives  
  60  5:11  Nexus  
  63  5:24  Forge  
  62  5:31  High Templar x4  
  62  5:35  Archon x2  
  72  5:44  Charge  
  74  5:58  Protoss Ground Weapons Level 1  
  76  6:09  Immortal  
  76  6:10  Zealot x4  
  86  6:24  Psionic Storm  
  92  6:27  Robotics Facility  
  96  6:41  Zealot x4  
  108  7:09  Immortal  
  108  7:10  Gateway x2  
  108  7:16  Assimilator x2, Immortal  
  116  7:28  High Templar x3  
  122  7:36  High Templar  
  126  8:02  Gateway x2  
  126  8:03  Immortal x2  
  134  8:11  Gateway  
  134  8:14  Stalker  
  136  8:20  Zealot x2  
  136  8:25  Protoss Ground Weapons Level 2  
  146  8:38  Photon Cannon  
  146  8:39  Immortal x2  
  146  8:48  Forge  
  154  8:51  High Templar x2  
  154  8:55  Archon x2  
  164  9:06  Nexus  
  164  9:07  Photon Cannon  
  164  9:11  Observer  
  164  9:14  Immortal  
  170  9:21  Archon  
  185  9:39  Photon Cannon  
  185  9:41  Assimilator x2  
  185  9:45  Archon  
Spawning Tool Build Advisor. Get it on Overwolf

Go to:

Details

  • Created by: zuka      
  • Published on: Feb 18, 2019
  • Modified on: Feb 18, 2019
  • Patch: 4.7.1
Show
View Real Time Build Order
Export as new Build Order

Comments (1)

On March 21, 2020, 3:25 p.m., Eurynomus  said:

The build is very good but you do not put the other pylons when positioning them, I had to guess and modify it in my own way

Create an account to comment!